 Dungeon Crawl Stone Soup version 0.29-a0-1052-g6990b1bffc (webtiles) character file.

Game seed: 16496852673230103511

1886 SensoryNuts the Covert (level 9, -3/61 HPs)
             Began as an Octopode Fighter on Aug 17, 2022.
             Slain by a killer bee (5 damage)
             ... on level 6 of the Dungeon.
             The game lasted 00:07:24 (5292 turns).

SensoryNuts the Covert (Octopode Fighter)           Turns: 5292, Time: 00:07:25

Health: -3/61      AC:  9    Str: 19    XL:     9   Next: 14%
Magic:  9/9        EV: 14    Int: 11    God:
Gold:   204        SH:  4    Dex: 11    Spells: 8/8 levels left

rFire   . . .      SeeInvis +   a - +1 trident
rCold   . . .      Faith    .   b - +0 buckler
rNeg    . . .      Spirit   .   (helmet restricted)
rPois   .          Reflect  .   n - amulet of regeneration
rElec   .          Harm     .   e - ring of see invisible
rCorr   .          Rampage  .   h - +4 ring of protection
Will    .....                   j - +4 ring of protection
Stlth   +++++.....              (no ring)
HPRegen 1.00/turn               (no ring)
MPRegen 0.11/turn               (no ring)
                                (no ring)
                                (no ring)

@: lethally poisoned (-3 -> -7)
A: almost no armour, amphibious, 8 rings, camouflage 1, gelatinous body 1,
(nimble swimmer 1), tentacles
a: no special abilities


You were on level 6 of the Dungeon.
You visited 1 branch of the dungeon, and saw 7 of its levels.

You collected 204 gold pieces.

Inventory:

Hand Weapons
 a - a +1 trident (weapon)
 q - a +5 battleaxe
Armour
 b - a +0 buckler (worn)
Jewellery
 e - a ring of see invisible (left tentacle)
 h - a +4 ring of protection (right tentacle)
 j - a +4 ring of protection (on tentacle)
 n - an amulet of regeneration (around mantle)
Wands
 k - a wand of polymorph (4)
 m - a wand of flame (5)
Scrolls
 c - a scroll of amnesia {unknown}
 i - a scroll of butterflies
 l - a scroll of torment {unknown}
 t - a scroll of poison
Potions
 d - a potion of flight
 g - 3 potions of degeneration
 o - a potion of mutation {unknown}


   Skills:
 + Level 5.1 Fighting
 + Level 7.3 Polearms
 + Level 5.1 Dodging
 + Level 9.3 Stealth
 + Level 3.6 Shields


You had 8 spell levels left.
You didn't know any spells.
Your spell library contained the following spells:

 Spells                   Type           Power      Damage    Failure   Level
 Slow                     Hex            0%         N/A       43%         1
 Confusing Touch          Hex            0%         N/A       80%         3
 Inner Flame              Hex/Fire       0%         N/A       80%         3
 Stone Arrow              Conj/Erth      0%         3d7       80%         3
 Vampiric Draining        Necr           0%         2d6       80%         3
 Cause Fear               Hex            0%         N/A       99%         4
 Discord                  Hex            0%         N/A       100%        8
 Lehudib's Crystal Spear  Conj/Erth      0%         10d2      100%        8
 Animate Armour           Summ/Erth      Unusable   N/A       N/A         4

Dungeon Overview and Level Annotations

Branches:
Dungeon (7/15)             Temple (0/1) D:6

Altars:
Kikubaaqudgha
Wu Jian


Innate Abilities, Weirdness & Mutations

You cannot wear most types of armour.
You are amphibious.
You can wear up to eight rings at the same time.
Your skin changes colour to match your surroundings (Stealth+).
Your rubbery body absorbs attacks. (AC +1, EV +1)
((You are camouflaged when in or above water. (Stealth+)))
You have tentacles for arms and can constrict up to eight enemies at once.


Message History

Unknown command.
The killer bee attacks as you move away!
The killer bee misses you.
You feel sick. The killer bee misses you.
You feel sick. The killer bee stings you.
You are more poisoned.
The killer bee poisons you!
You closely miss the killer bee. Your grab misses the killer bee.
The killer bee is lightly wounded.
You feel very sick.
The killer bee stings you but does no damage.
The killer bee completely misses you.
The killer bee stings you but does no damage. x2
You block the killer bee's attack.
Okay, then.
You hit the killer bee. Your grab misses the killer bee.
Your squeeze misses the killer bee.
The killer bee is moderately wounded.
You feel sick. The killer bee closely misses you. The killer bee stings you.
* * * LOW HITPOINT WARNING * * *
You are more poisoned.
The killer bee poisons you! You block the killer bee's attack.
The killer bee completely misses you. You block the killer bee's attack. x2
Okay, then.
You miss the killer bee. Your grab misses the killer bee.
The killer bee is moderately wounded.
* * * LOW HITPOINT WARNING * * *
You feel very sick.
The killer bee closely misses you. x2; The killer bee misses you.
The killer bee stings you but does no damage. x2
The killer bee closely misses you.
You completely miss the killer bee. Your grab misses the killer bee.
The killer bee is moderately wounded.
* * * LOW HITPOINT WARNING * * *
You feel very sick. You block the killer bee's attack.
The killer bee misses you. The killer bee stings you.
* * * LOW HITPOINT WARNING * * *
The killer bee misses you. The killer bee closely misses you.
The killer bee stings you.
You die...

# ###.#..........
#####..##.........
.#...### #.......
...### ..... ..## ###
#..# ..# #####.# #.##
..###..#..# #.O## ##
..).......# ##yy##.#
#.........# ##@y.#
####.).#..# #....#
##)....## #...##
#..##..####...#
#..###.......## #
#.## ##...#### ##
############ .#
#≈≈≈≈≈≈≈≈#
.######........######


You could see an ogre and 3 killer bees.

Vanquished Creatures
  Menkaure (D:4)
  An ice beast (D:5)
  2 centaurs
  3 phantoms
  A kobold brigand (D:6)
  A bullfrog (D:6)
  A scorpion (D:5)
  8 wights (D:6)
  A killer bee (D:6)
  A howler monkey (D:5)
  A jelly (D:6)
  3 hounds
  3 orc priests
  5 iguanas
  An orc wizard (D:6)
  Robin (D:2)
  10 adders
  2 white imps (D:6)
  An ufetubus (D:4)
  A worm (D:3)
  A dart slug (D:2)
  14 orcs
  12 ball pythons
  A bat (D:2)
  2 bat zombies (D:6)
  6 endoplasms
  3 giant cockroaches
  13 goblins
  11 hobgoblins
  12 kobolds
  A quokka (D:4)
  3 frilled lizards
  6 rats
  A rat zombie (D:6)
134 creatures vanquished.

Notes
Turn   | Place    | Note
-------+----------+-------------------------------------------
     0 | D:1      | SensoryNuts the Octopode Fighter began the quest for the
                  | Orb.
     0 | D:1      | Reached XP level 1. HP: 16/16 MP: 1/1
   271 | D:1      | Reached XP level 2. HP: 21/21 MP: 2/2
   548 | D:1      | Found a faded altar of an unknown god.
   927 | D:2      | Reached skill level 1 in Stealth
   927 | D:2      | Reached XP level 3. HP: 20/26 MP: 3/3
  1244 | D:2      | Noticed Robin
  1262 | D:2      | Killed Robin
  1263 | D:2      | Reached XP level 4. HP: 10/31 MP: 4/4
  2116 | D:3      | Reached skill level 2 in Stealth
  2306 | D:3      | Reached XP level 5. HP: 36/36 MP: 5/5
  2721 | D:4      | Noticed Menkaure
  2724 | D:4      | Killed Menkaure
  2725 | D:4      | Reached skill level 3 in Stealth
  2725 | D:4      | Reached XP level 6. HP: 43/43 MP: 6/6
  2860 | D:4      | Reached skill level 4 in Stealth
  3628 | D:5      | Entered Level 5 of the Dungeon
  3690 | D:5      | Reached skill level 5 in Polearms
  3690 | D:5      | Reached XP level 7. HP: 46/47 MP: 7/7
  3823 | D:5      | Reached skill level 5 in Stealth
  3865 | D:5      | Reached skill level 6 in Stealth
  3970 | D:5      | Reached XP level 8. HP: 54/54 MP: 8/8
  3977 | D:5      | Reached skill level 7 in Stealth
  4153 | D:5      | You fall into a shaft and drop 2 floors!
  4227 | D:6      | Found an ornate altar of the Wu Jian Council.
  4267 | D:6      | Found a staircase to the Ecumenical Temple.
  4340 | D:6      | Reached skill level 8 in Stealth
  4403 | D:6      | Found an ancient bone altar of Kikubaaqudgha.
  4951 | D:6      | Reached skill level 9 in Stealth
  4954 | D:6      | Reached XP level 9. HP: 47/60 MP: 9/9
  4965 | D:6      | Reached skill level 5 in Dodging
  4965 | D:6      | HP: 2/60 [wight/+0 mace (8)]
  5287 | D:6      | Reached skill level 5 in Fighting
  5292 | D:6      | HP: 2/61 [killer bee (4)]
  5292 | D:6      | Slain by a killer bee

Illustrated notes

Levels and vault maps discovered:
D:1:      kilobyte_arrival_exit_the_forest, layout_basic,
          shapermc_ecumenical_altar_pompeii
D:2:      layout_basic, uniq_robin
D:3:      layout_rooms, kennysheep_cluttered_room
D:4:      layout_basic, nicolae_figureground_sparkle, uniq_menkaure
D:5:      layout_basic, kennysheep_path_1
D:6:      layout_layer_cave, mainiacjoe_overflow_surrounded_room,
          lemuel_zombie_altar_kikubaaqudgha, minmay_temple_entry_statues
D:7:      layout_basic

Skill      XL: |  1  2  3  4  5  6  7  8  9 |
---------------+----------------------------+-----
Stealth        | 1 2 3 4 6 9 |  9.3
Polearms       | 3 5 7 |  7.3
Dodging        | 4 5 |  5.1
Fighting       | 4 5 |  5.1
Shields        | |  3.6

Action                   |  1- 3 |  4- 6 |  7- 9 || total
-------------------------+-------+-------+-------++-------
Melee: Trident           |    84 |   118 |   163 ||   365
       Constrict         |    17 |    17 |    25 ||    59
       Tentacles         |    12 |    17 |    30 ||    59
       Punch             |     1 |     2 |     2 ||     5
  Use: Potion            |       |     8 |     5 ||    13
       Scroll            |       |     8 |     2 ||    10
 Stab: Sleeping          |     6 |    17 |    21 ||    44
Armor: Skin              |    23 |    18 |    39 ||    80
Dodge: Dodged            |    44 |    53 |    90 ||   187
Block: Buckler           |    12 |    19 |    22 ||    53

Table legend: (Time is in decaauts)
 A = Elapsed time spent in this place.
 B = Non-inter-level travel time spent in this place.
 C = Inter-level travel time spent in this place.
 D = Time resting spent in this place.
 E = Time spent auto-exploring this place.
 F = Levels seen in this place.
 G = Mean time per level.
                   A        B        C        D        E       F      G
               +--------+--------+--------+--------+--------+-----+--------+
         Total |   5310 |   5107 |    203 |      0 |   4168 |   7 |  758.6 |
       Dungeon |   5310 |   5107 |    203 |      0 |   4168 |   7 |  758.6 |
               +--------+--------+--------+--------+--------+-----+--------+

Top non-repeatable levels by time:
     D:2: 1160 daAuts
     D:6: 1132 daAuts
     D:4: 956 daAuts
     D:1: 914 daAuts
     D:3: 628 daAuts
     D:5: 510 daAuts
     D:7: 6 daAuts
